 Dungeon Crawl Stone Soup version 0.21.1-1-g345015fe64 (webtiles) character file.

200 Htamos the Cutter (level 5, -8/31 HPs)
             Began as an Octopode Wizard on July 12, 2018.
             Mangled by a gnoll
             ... wielding a +0 halberd
              (10 damage)
             ... on level 4 of the Dungeon.
             The game lasted 00:11:24 (4843 turns).

Htamos the Cutter (Octopode Wizard)                 Turns: 4843, Time: 00:11:24

Health: -8/31      AC:  1    Str:  6    XL:     5   Next: 78%
Magic:  11/11      EV: 15    Int: 21    God:
Gold:   164        SH:  0    Dex: 11    Spells: 11/12 levels left

rFire    . . .     SeeInvis .   s - +0 dagger (pain)
rCold    . . .     Gourm    .   (no shield)
rNeg     . . .     Faith    .   a - +0 hat
rPois    .         Spirit   .   (no amulet)
rElec    .         Reflect  .   f - +2 ring of evasion
rCorr    .         Harm     .   (no ring)
MR       .....                  (no ring)
Stlth    +++.......             (no ring)
HPRegen  0.10/turn              (no ring)
MPRegen  0.12/turn              (no ring)
                                (no ring)
                                (no ring)

@: no status effects
A: almost no armour, stealthy swim, amphibious, 8 rings, constrict 8, camouflage
1, gelatinous body 1
a: no special abilities


You were on level 4 of the Dungeon.
You were near starving.

You visited 1 branch of the dungeon, and saw 4 of its levels.

You collected 164 gold pieces.

Inventory:

Hand Weapons
 n - a +0 dagger
 s - a +0 dagger of pain (weapon)
Missiles
 d - 61 sling bullets
 l - 21 bolts
 q - 79 stones (quivered)
 r - 18 arrows
Armour
 a - a +0 hat (worn)
Jewellery
 f - a +2 ring of evasion (left tentacle)
 t - an uncursed amulet of guardian spirit {unknown}
 u - a cursed amulet of inaccuracy {unknown}
 v - an uncursed amulet of magic regeneration {unknown}
Scrolls
 g - 4 scrolls of identify {unknown}
 h - a scroll of magic mapping {unknown}
 i - a scroll of blinking {unknown}
 j - a scroll of enchant armour {unknown}
 k - a scroll of teleportation {unknown}
 p - 4 scrolls of remove curse {unknown}
 w - a scroll of amnesia {unknown}
 x - a scroll of noise {unknown}
Potions
 e - 2 potions of brilliance {unknown}
 m - 2 potions of curing
Books
 b - a book of Minor Magic

   Spells                             Type                      Level
   a - Magic Dart                     Conjuration                  1
   b - Blink                          Translocation                2
   c - Call Imp                       Summoning                    2
   d - Slow                           Hexes                        2
   e - Conjure Flame                  Conjuration/Fire             3
   f - Mephitic Cloud                 Conjuration/Poison/Air       3
Comestibles
 c - 8 rations


   Skills:
 * Level 4.1 Short Blades
 - Level 2.0 Dodging
 - Level 2.6 Stealth
 - Level 4.0 Spellcasting
 - Level 1.6 Conjurations
   Level 1.0 Summonings
   Level 1.0 Translocations


You had 11 spell levels left.
You knew the following spells:

 Your Spells              Type           Power        Failure   Level  Hunger
a - Magic Dart            Conj           ##..         6%          1    None


Dungeon Overview and Level Annotations

Branches:
Dungeon (4/15)
 Temple: D:4-7

Altars:
Ashenzari
Cheibriados
Okawaru
Ru
Trog
Zin

Annotations:
D:4 letownia's ghost, amateur DsGl


Innate Abilities, Weirdness & Mutations

You cannot wear most types of armour.
You are very stealthy in the water. (Stealth+)
You are amphibious.
You can wear up to eight rings at the same time.
You can use your tentacles to constrict eight enemies at once.
Your skin changes colour to match your surroundings (Stealth+).
Your rubbery body absorbs attacks. (AC +1, EV +1)


Message History

The gnoll is severely wounded.
You constrict the gnoll.
The centaur skeleton completely misses you.
The gnoll closely misses you.
You hit the gnoll.
The gnoll is severely wounded.
You constrict the gnoll.
The orc priest casts a cantrip, but nothing happens.
The centaur skeleton hits you.
* * * LOW HITPOINT WARNING * * *
You hit the gnoll but do no damage.
The gnoll is almost dead.
You constrict the gnoll. The gnoll closely misses you.
The orc priest hits you with a mace.
* * * LOW HITPOINT WARNING * * *
The centaur skeleton barely misses you.
You hit the gnoll but do no damage.
The gnoll is almost dead.
You constrict the gnoll. The gnoll hits you with a halberd!
You die...

#....... #....<.
##.....# ##......##
##........#
..........##
....####...## ..
##.oZ## ##.@.### ..
#g....#######
....###............
#..................
##..........#######
##.............#
#...............
#....####.......
#..># #...###.


You could see an orc priest, a gnoll and a centaur skeleton.

Vanquished Creatures
  An orc priest (D:3)
  A gnoll (D:3)
  6 adders
  An ooze (D:1)
  4 worms
  3 dart slugs
  3 leopard geckos
  10 orcs
  2 ball pythons
  4 giant cockroaches
  7 goblins
  6 hobgoblins
  4 jackals
  10 bats
  4 frilled lizards
  5 kobolds
  3 rats
74 creatures vanquished.

Notes
Turn   | Place    | Note
-------+----------+-------------------------------------------
     0 | D:1      | Htamos the Octopode Wizard began the quest for the Orb.
     0 | D:1      | Reached XP level 1. HP: 11/11 MP: 4/4
   187 | D:1      | Reached XP level 2. HP: 8/17 MP: 0/6
   746 | D:1      | Found a shattered altar of Ashenzari.
  1161 | D:2      | Found a glowing silver altar of Zin.
  1176 | D:2      | Reached XP level 3. HP: 10/21 MP: 2/8
  1779 | D:2      | Reached skill level 1 in Short Blades
  1887 | D:2      | Reached XP level 4. HP: 24/27 MP: 2/10
  2822 | D:3      | Reached XP level 5. HP: 31/31 MP: 6/11
  2870 | D:3      | Found a sacrificial altar of Ru.
  3152 | D:3      | Found an iron altar of Okawaru.
  3336 | D:3      | Found a bloodstained altar of Trog.
  3337 | D:3      | Found a snail-covered altar of Cheibriados.
  4059 | D:4      | Noticed letownia's ghost (amateur DsGl)
  4843 | D:4      | Mangled by a gnoll

Skill      XL: |  1  2  3  4  5 |
---------------+----------------+-----
Spellcasting   | 4 |  4.0
Short Blades   | 1 2 4 |  4.1
Dodging        | |  2.0
Stealth        | |  2.6
Conjurations   | |  1.6
Summonings     | |  1.0
Translocations | |  1.0

Action                   |  1- 3 |  4- 6 || total
-------------------------+-------+-------++-------
Melee: Unarmed           |    24 |       ||    24
       Constrict         |     9 |    22 ||    31
       Tentacles         |     3 |    11 ||    14
       Dagger            |    12 |   101 ||   113
 Cast: Magic Dart        |    75 |    92 ||   167
  Use: Potion            |       |     1 ||     1
 Stab: Sleeping          |       |     1 ||     1
  Eat: Chunk             |     3 |     7 ||    10
Armor: Skin              |     3 |     5 ||     8
Dodge: Dodged            |    40 |    91 ||   131
